 Seeded DCSS version 0.29-a0-878-g7b45a56547 (webtiles) character file.

Game seed: 11 (custom seed)

158 mathmaestro the Grave Robber (level 5, -1/39 HPs)
             Began as a Demonspawn Necromancer on July 20, 2022.
             Killed from afar by a white imp (10 damage)
             ... with a puff of frost
             ... on level 4 of the Dungeon.
             The game lasted 00:09:07 (3472 turns).

mathmaestro the Grave Robber (DsNe)                 Turns: 3472, Time: 00:09:08

Health: -1/39      AC:  4    Str:  8    XL:     5   Next: 16%
Magic:  9/9        EV: 11    Int: 19    God:
Gold:   170        SH:  0    Dex: 13    Spells: 1/9 levels left

rFire   . . .      SeeInvis +   r - +2 whip (venom)
rCold   . . .      Faith    .   (no shield)
rNeg    . . .      Spirit   .   f - +0 leather armour
rPois   .          Reflect  .   (no helmet)
rElec   .          Harm     .   (no cloak)
rCorr   .          Rampage  .   (no gloves)
Will    .....                   (no boots)
Stlth   ++........              (no amulet)
HPRegen 0.13/turn               a - ring of wizardry
MPRegen 0.11/turn               h - ring of see invisible

@: no status effects
A: claws 2, rugged brown scales 1
a: no special abilities


You were on level 4 of the Dungeon.
You visited 1 branch of the dungeon, and saw 4 of its levels.

You collected 170 gold pieces.

Inventory:

Hand Weapons
 e - a +0 hand axe
 i - a +1 sling of flaming
 m - a +2 spear
 r - a +2 whip of venom (weapon)
Missiles
 p - 5 boomerangs
Armour
 f - a +0 leather armour (worn)
Jewellery
 a - a ring of wizardry (left claw)
 h - a ring of see invisible (right claw)
Scrolls
 c - a scroll of teleportation {unknown}
 d - a scroll of acquirement {unknown}
 g - a scroll of enchant armour {unknown}
 j - a scroll of enchant weapon {unknown}
 l - 2 scrolls of identify {unknown}
 o - a scroll of noise {unknown}
 q - a scroll of magic mapping {unknown}
Potions
 b - a potion of magic
 n - a potion of mutation {unknown}


   Skills:
 + Level 2.1 Fighting
 + Level 1.7 Armour
 - Level 2.0 Dodging
 - Level 2.0 Stealth
 + Level 2.9 Spellcasting
 + Level 5.2 Necromancy


You had one spell level left.
You knew the following spells:

 Your Spells              Type           Power      Damage    Failure   Level
a - Necrotise             Necr           88%        1d8       1%          1
b - Vampiric Draining     Necr           22%        2d7       3%          3
c - Animate Dead          Necr           22%        N/A       11%         4

Your spell library contained the following spells:

 Spells                   Type           Power      Damage    Failure   Level
 Foxfire                  Conj/Fire      8%         2x1d4     9%          1
 Dazzling Flash           Conj/Hex       4%         N/A       26%         3
 Agony                    Necr           22%        N/A       26%         5
 Silence                  Hex/Air        1%         N/A       91%         5


Dungeon Overview and Level Annotations

Branches:
Dungeon (4/15)
 Temple: D:4-7

Altars:
Cheibriados
Gozag
Qazlal
Sif Muna
Trog

Shops:
D:2 (   D:3 (


Innate Abilities, Weirdness & Mutations

You have very sharp fingernails.
You are partially covered in rugged brown scales. (AC +1, +3% HP)


Message History

The white imp is severely wounded.
The white imp hits you but does no damage.
You hit the white imp but do no damage.
The white imp is poisoned.
The white imp is severely wounded.
The white imp gestures at you. The puff of frost hits you!
* * * LOW HITPOINT WARNING * * *
It was a potion of heal wounds.
You feel much better. The white imp barely misses you.
You closely miss the white imp.
The white imp is almost dead.
You kill the white imp!
The shadow imp closely misses you.
You hit the shadow imp.
The shadow imp is heavily wounded.
The shadow imp completely misses you.
You barely miss the shadow imp.
The shadow imp is heavily wounded.
The shadow imp barely misses you.
You closely miss the shadow imp.
The shadow imp is heavily wounded.
The shadow imp hits you.
You hit the shadow imp.
You kill the shadow imp!
The white imp gestures at you. The puff of frost hits you.
Found a short copper wand.
The white imp hits you. The white imp freezes you.
You barely miss the white imp.
The white imp is moderately wounded.
The white imp hits you but does no damage.
You barely miss the white imp.
The white imp is moderately wounded.
The white imp hits you. The white imp freezes you.
* * * LOW HITPOINT WARNING * * *
You hit the white imp.
The white imp is poisoned.
The white imp is severely wounded.
The white imp grinds its teeth.
The white imp gestures at you. The puff of frost hits you!
You die...

.# #.#
#.# .#
#.# #.#
.# #.#
#.# #.#
#..
#.######
#......#
#.####.#
### #.#
#@# #5.#
..../
###.....
..∩..#
.....#
.....#
#.####


You could see a white imp (very poisoned).

Vanquished Creatures
  A hound (D:3)
  2 gnolls
  An adder (D:3)
  A shadow imp (D:4)
  2 white imps
  An ufetubus (D:4)
  2 dart slugs
  5 bats
  9 endoplasms
  2 giant cockroaches
  3 goblins
  7 hobgoblins
  4 jackals
  5 quokkas
  2 ball pythons (D:1)
  5 frilled lizards
  5 kobolds
  4 rats
61 creatures vanquished.

Vanquished Creatures (collateral kills)
  A giant cockroach (D:1)
  A hobgoblin (D:2)
  A jackal (D:1)
3 creatures vanquished.

Vanquished Creatures (others)
  3 plants (D:1)
3 creatures vanquished.

Grand Total: 67 creatures vanquished

Notes
Turn   | Place    | Note
-------+----------+-------------------------------------------
     0 | D:1      | mathmaestro the Demonspawn Necromancer began the quest for
                  | the Orb.
     0 | D:1      | Reached XP level 1. HP: 13/13 MP: 3/3
   235 | D:1      | Gained mutation: You have sharp fingernails. [demonic
                  | ancestry]
   235 | D:1      | Reached XP level 2. HP: 5/20 MP: 0/5
   958 | D:1      | Reached skill level 1 in Fighting
  1194 | D:1      | Gained mutation: You have very sharp fingernails. [demonic
                  | ancestry]
  1194 | D:1      | Reached XP level 3. HP: 10/26 MP: 0/6
  1468 | D:1      | Learned a level 3 spell: Vampiric Draining
  1762 | D:2      | Reached skill level 1 in Armour
  1922 | D:2      | Found Vualyiqi's Weapon Shop.
  2398 | D:3      | Reached XP level 4. HP: 32/32 MP: 0/7
  2465 | D:3      | Found an opulent altar of Gozag.
  2465 | D:3      | Found a snail-covered altar of Cheibriados.
  2465 | D:3      | Found a stormy altar of Qazlal.
  2618 | D:3      | Found a shimmering blue altar of Sif Muna.
  2634 | D:3      | Reached skill level 5 in Necromancy
  2683 | D:3      | Got Sif Muna's Parchment of the Blaze
  2688 | D:3      | Found a bloodstained altar of Trog.
  2793 | D:3      | Found Woinliuz's Weapon Shop.
  2857 | D:3      | Found a faded altar of an unknown god.
  3254 | D:3      | Learned a level 4 spell: Animate Dead
  3365 | D:4      | Gained mutation: You are partially covered in rugged brown
                  | scales. (AC +1, +3% HP) [demonic ancestry]
  3365 | D:4      | Reached XP level 5. HP: 33/39 MP: 9/9
  3472 | D:4      | Killed from afar by a white imp

Illustrated notes

Levels and vault maps discovered:
D:1:      roderic_crop_circles_arrival_small, layout_basic,
          serial_bayou_crossing
D:2:      layout_loops_ring, serial_shops, nicolae_shop_behind_doors
D:3:      layout_basic, nzn_overflow_gifts_of_might_and_magic,
          gammafunk_temple_overflow_claw, serial_shops,
          nicolae_shop_bloodbath_and_beyond, basic_ecumenical_altar,
          minmay_misc_feat_nine_boxes
D:4:      layout_basic, serial_demonic, serial_demonic_d, serial_demonic_c,
          serial_demonic_b, serial_demonic_f, eino_tiny_chamber,
          chequers_serial_rivers_micro_b, st_stairs_14

Skill      XL: |  1  2  3  4 |
---------------+-------------+-----
Stealth        | 2 |  2.0
Dodging        | 2 |  2.0
Fighting       | 1 2 |  2.1
Armour         | 1 |  1.7
Necromancy     | 5 |  5.2
Spellcasting   | |  2.9

Action                   |  1- 3 |  4- 6 || total
-------------------------+-------+-------++-------
Melee: Hand axe          |    32 |       ||    32
       Unarmed           |     1 |       ||     1
       Whip              |       |    11 ||    11
 Fire: Sling             |     9 |    28 ||    37
 Cast: Necrotise         |    72 |    12 ||    84
       Vampiric Draining |       |     3 ||     3
  Use: Potion            |       |     1 ||     1
Armor: Robe              |     6 |       ||     6
       Leather armour    |    14 |     7 ||    21
Dodge: Dodged            |    45 |    14 ||    59

Table legend: (Time is in decaauts)
 A = Elapsed time spent in this place.
 B = Non-inter-level travel time spent in this place.
 C = Inter-level travel time spent in this place.
 D = Time resting spent in this place.
 E = Time spent auto-exploring this place.
 F = Levels seen in this place.
 G = Mean time per level.
                   A        B        C        D        E       F      G
               +--------+--------+--------+--------+--------+-----+--------+
         Total |   3507 |   3383 |    124 |    707 |   2155 |   4 |  876.8 |
       Dungeon |   3507 |   3383 |    124 |    707 |   2155 |   4 |  876.8 |
               +--------+--------+--------+--------+--------+-----+--------+

Top non-repeatable levels by time:
     D:1: 1512 daAuts
     D:3: 959 daAuts
     D:2: 870 daAuts
     D:4: 165 daAuts
